 Dungeon Crawl Stone Soup version 0.30-a0-118-ga018f8e90f (webtiles) character file.

Game seed: 15995267899653289721

1005 drugrobin the Cutter (level 7, -4/59 HPs)
             Began as a Demigod Delver on Sept 14, 2022.
             Slain by Duvessa
             ... wielding a +0 short sword
              (11 damage)
             ... on level 6 of the Dungeon.
             The game lasted 00:14:00 (6982 turns).

drugrobin the Cutter (Demigod Delver)               Turns: 6982, Time: 00:14:01

Health: -4/59      AC:  5    Str: 17    XL:     7   Next: 68%
Magic:  9/9        EV: 12    Int: 12    God:
Gold:   79         SH:  0    Dex: 25    Spells: 5/6 levels left

rFire   . . .      SeeInvis .    a - +0 rapier (freeze)
rCold   . . .      Faith    .    (no shield)
rNeg    . . .      Spirit   .    B - +0 leather armour
rPois   .          Reflect  .    (no helmet)
rElec   .          Harm     .    (no cloak)
rCorr   .          Rampage  .    h - +0 pair of gloves
Will    .....                    C - +0 pair of boots
Stlth   +++.......               (no amulet)
HPRegen 0.19/turn                D - +6 ring of dexterity
MPRegen 0.11/turn                (no ring)

@: no status effects
A: high MP 1, forlorn, divine attributes
a: no special abilities


You were on level 6 of the Dungeon.
You visited 1 branch of the dungeon, and saw 6 of its levels.

You collected 228 gold pieces.
You spent 149 gold pieces at shops.

Inventory:

Hand Weapons
 a - a +0 rapier of freezing (weapon)
 b - a +0 whip of venom
 c - a +0 short sword of protection
Missiles
 w - 9 poisoned darts (quivered)
Armour
 h - a +0 pair of gloves (worn)
 B - a +0 leather armour (worn)
 C - a +0 pair of boots (worn)
Jewellery
 D - a +6 ring of dexterity (left hand)
Wands
 g - a wand of digging (5)
 y - a wand of flame (13)
Scrolls
 d - 2 scrolls of teleportation
 i - a scroll of enchant weapon
 l - a scroll of magic mapping
 m - 3 scrolls of summoning {unknown}
 n - a scroll of poison
 o - a scroll of blinking {unknown}
 p - 4 scrolls of identify
 s - 2 scrolls of torment {unknown}
 u - 4 scrolls of amnesia {unknown}
 z - 4 scrolls of vulnerability {unknown}
 E - 2 scrolls of fog
Potions
 e - 3 potions of degeneration {unknown}
 f - a potion of haste
 j - a potion of berserk rage {unknown}
 k - 4 potions of heal wounds
 q - 3 potions of curing
 r - 2 potions of might {unknown}
 v - 3 potions of lignification {unknown}
 A - a potion of brilliance {unknown}


   Skills:
 + Level 4.0 Fighting
 * Level 6.8 Short Blades
 - Level 1.7 Dodging
 - Level 4.5 Stealth
 + Level 4.0 Hexes


You had 5 spell levels left.
You knew the following spells:

 Your Spells              Type           Power      Damage    Failure   Level
a - Slow                  Hex            36%        N/A       8%          1

Your spell library contained the following spells:

 Spells                   Type           Power      Damage    Failure   Level
 Confusing Touch          Hex            9%         N/A       24%         3
 Necrotise                Necr           0%         1d4       38%         1
 Vampiric Draining        Necr           0%         2d6       77%         3
 Agony                    Necr           0%         N/A       100%        5


Dungeon Overview and Level Annotations

Branches:
Dungeon (6/15)
 Temple: D:4-7

Shops:
D:1 *[(*   D:4 *

Annotations:
D:5 Eustachio
D:6 Dowan, Duvessa


Innate Abilities, Weirdness & Mutations

You have an increased reservoir of magic. (+10% MP)
You shall have no god before yourself.
Your divine heritage dramatically boosts your attributes as you level up.


Message History

You hit Duvessa but do no damage. Duvessa hits you with a +0 short sword!
Okay, then.
Throw: 2 throwing nets
Press: ? - help, Shift-Dir - straight line, f/p - Duvessa
Aim: Duvessa, wielding a +0 short sword and wearing a +1 ring mail of positive energy (fast, 72% to hit)
You throw a throwing net.
The throwing net closely misses Duvessa.
Duvessa hits you with a +0 short sword. Duvessa hits you with a +0 short sword!
Throw: throwing net
Press: ? - help, Shift-Dir - straight line, f/p - Duvessa
Aim: Duvessa, wielding a +0 short sword and wearing a +1 ring mail of positive energy (fast, 72% to hit)
You throw a throwing net.
The throwing net closely misses Duvessa.
Duvessa hits you with a +0 short sword.
Unknown command.
Duvessa hits you but does no damage. Duvessa attacks as you move away!
Duvessa barely misses you. x2
Duvessa attacks as you move away! Duvessa barely misses you.
Duvessa closely misses you. Duvessa attacks as you move away!
Duvessa hits you with a +0 short sword. x2
Duvessa attacks as you move away! Duvessa hits you with a +0 short sword!
* * * LOW HITPOINT WARNING * * *
Duvessa hits you with a +0 short sword.
* * * LOW HITPOINT WARNING * * *
Okay, then.
You feel much better. Duvessa misses you. Duvessa attacks as you move away!
Duvessa misses you. Duvessa hits you with a +0 short sword.
* * * LOW HITPOINT WARNING * * *
Duvessa attacks as you move away! Duvessa hits you with a +0 short sword.
* * * LOW HITPOINT WARNING * * *
Duvessa barely misses you. Duvessa attacks as you move away!
Duvessa barely misses you. Duvessa attacks as you move away!
Duvessa hits you with a +0 short sword.
* * * LOW HITPOINT WARNING * * *
Duvessa hits you with a +0 short sword.
* * * LOW HITPOINT WARNING * * *
There is a stone staircase leading up, spattered with blood here.
Duvessa hits you with a +0 short sword!
You die...

#.####.# #######.##### #.####.#
########.....#
#.#....######..........#.#
#.#.#####...#.#..........#
#.#.#####.#.#.###......#######
#.#.......#.#................#
#.#########.#.....######.....#
#.####### #.#.###.# #.....#
#.##....###.#@e...######.....#
#>...........................+
####....###.#..#..##.####....#
#....# #.#..#..##+####.....
#....###.#.#..............#
#.........................#
#######........#...........####
#..............'.....##....#
#..............#.....##....#


You could see Duvessa (fast).

Vanquished Creatures
  Sigmund (D:2)
  An ogre (D:4)
  A kobold brigand (D:6)
  A bullfrog (D:6)
  A necrophage (D:5)
  2 scorpions (D:5)
  2 howler monkeys (D:6)
  A jelly (D:5)
  A gnoll bouda (D:5)
  4 iguanas
  5 adders
  10 gnolls
  A white imp (D:5)
  3 worms
  3 dart slugs
  2 orcs
  4 ball pythons
  5 endoplasms
  3 giant cockroaches (D:2)
  5 hobgoblins
  4 jackals (D:1)
  11 kobolds
  4 quokkas
  8 bats
  5 frilled lizards
  4 goblins
  8 rats
100 creatures vanquished.

Notes
Turn   | Place    | Note
-------+----------+-------------------------------------------
     0 | D:5      | drugrobin the Demigod Delver began the quest for the Orb.
     0 | D:5      | Reached XP level 1. HP: 18/18 MP: 3/3
    18 | D:5      | Reached skill level 2 in Short Blades
    25 | D:5      | Noticed a water moccasin
    36 | D:5      | Noticed a scorpion
    37 | D:5      | Noticed a scorpion
    82 | D:5      | Killed a scorpion
    83 | D:5      | Reached skill level 3 in Short Blades
    83 | D:5      | Reached XP level 2. HP: 16/25 MP: 4/4
    83 | D:5      | Reached XP level 3. HP: 19/30 MP: 5/5
   307 | D:4      | Found Hupur's CLEARANCE SALE!.
   784 | D:3      | Reached skill level 4 in Short Blades
   905 | D:1      | Reached XP level 4. HP: 34/37 MP: 6/6
  1493 | D:1      | Learned a level 1 spell: Slow
  1523 | D:1      | Found Tiash's General Store.
  1529 | D:1      | Bought a scroll of noise for 10 gold pieces
  1529 | D:1      | Bought a potion of heal wounds for 50 gold pieces
  1529 | D:1      | Bought a scroll of identify for 20 gold pieces
  1760 | D:1      | Found Eluiwky's Armour Shoppe.
  1816 | D:1      | Found Fotzim's Antique Weapon Shoppe.
  1890 | D:1      | Found Nuoroef's General Store.
  2013 | D:1      | Bought a scroll of identify for 22 gold pieces
  2402 | D:2      | Reached skill level 1 in Hexes
  3114 | D:4      | Bought a scroll of brand weapon for 47 gold pieces
  3346 | D:2      | Noticed Sigmund
  3352 | D:2      | Killed Sigmund
  3353 | D:2      | Reached skill level 5 in Short Blades
  3353 | D:2      | Reached XP level 5. HP: 34/42 MP: 7/7
  3467 | D:2      | Reached XP level 6. HP: 50/50 MP: 8/8
  4544 | D:4      | HP: 2/51 [ogre/+0 giant club (27)]
  5516 | D:5      | Reached skill level 6 in Short Blades
  5630 | D:5      | Reached XP level 7. HP: 56/57 MP: 6/9
  6495 | D:5      | Noticed Eustachio
  6946 | D:6      | Noticed Duvessa
  6946 | D:6      | Noticed Dowan
  6982 | D:6      | Slain by Duvessa

Illustrated notes

Levels and vault maps discovered:
D:1:      dpeg_arrival_erosion, layout_basic, serial_shops,
          nicolae_shop_window_shopping, shop,
          nicolae_shop_temple_entry_statues_fountains, shop,
          hellmonk_ecumenical_altar_pennies_from_heaven, kennysheep_doodads
D:2:      layout_rooms, chequers_hall_statues_wall_a, uniq_sigmund
D:3:      layout_basic, grunt_qazlal_clouds, vehumet_altar_wand_db,
          nicolae_overflow_ecumenical_swirl
D:4:      layout_loops_corners, slow_altar_2, nicolae_shop_clearance
D:5:      layout_basic, marbit_many_paths, kennysheep_mini, uniq_eustachio
D:6:      lemuel_ice_spiral_2, layout_basic, uniq_duvessa

Skill      XL: |  1  2  3  4  5  6  7 |
---------------+----------------------+-----
Short Blades   | 3 4 5 6 |  6.8
Hexes          | 2 3 4 |  4.0
Fighting       | 3 4 |  4.0
Dodging        | |  1.7
Stealth        | |  4.5

Action                   |  1- 3 |  4- 6 |  7- 9 || total
-------------------------+-------+-------+-------++-------
Melee: Short sword       |    53 |   116 |       ||   169
       Punch             |     1 |     2 |       ||     3
       Rapier            |       |   118 |    60 ||   178
Throw: Dart              |     2 |     6 |     2 ||    10
       Throwing net      |       |       |     2 ||     2
 Cast: Slow              |       |     7 |     3 ||    10
Evoke: Wand              |       |     5 |       ||     5
  Use: Scroll            |     2 |     7 |       ||     9
       Potion            |       |       |     1 ||     1
 Stab: Sleeping          |     4 |    13 |     2 ||    19
       Distracted        |       |     1 |       ||     1
Armor: Leather armour    |    10 |    55 |     7 ||    72
Dodge: Dodged            |    27 |   135 |    32 ||   194

Table legend: (Time is in decaauts)
 A = Elapsed time spent in this place.
 B = Non-inter-level travel time spent in this place.
 C = Inter-level travel time spent in this place.
 D = Time resting spent in this place.
 E = Time spent auto-exploring this place.
 F = Levels seen in this place.
 G = Mean time per level.
                   A        B        C        D        E       F      G
               +--------+--------+--------+--------+--------+-----+--------+
         Total |   6939 |   6589 |    350 |   1455 |   3476 |   6 | 1156.5 |
       Dungeon |   6939 |   6589 |    350 |   1455 |   3476 |   6 | 1156.5 |
               +--------+--------+--------+--------+--------+-----+--------+

Top non-repeatable levels by time:
     D:3: 1941 daAuts
     D:1: 1386 daAuts
     D:4: 1271 daAuts
     D:5: 1240 daAuts
     D:2: 667 daAuts
     D:6: 431 daAuts
